 Dungeon Crawl Stone Soup version 0.14.1-24-gbdbe590 (webtiles) character file.

3066 Kenran the Swashbuckler (level 10, -3/56 HPs)
             Began as a Kobold Berserker on June 19, 2014.
             Was a High Priest of Trog.
             Slain by Erolcha
             ... wielding a +0,+0 giant spiked club
              (22 damage)
             ... on Level 8 of the Dungeon.
             The game lasted 00:26:29 (7206 turns).

Kenran the Swashbuckler (Kobold Berserker)          Turns: 7206, Time: 00:26:29

HP  -3/56        AC 15     Str 18      XL: 10   Next:  6%
MP  10/10        EV  7     Int  5      God: Trog [*****.]
Gold 149         SH  0     Dex 17      Spells:  0 memorised,  9 levels left

rFire  . . .     SeeInvis .     e - +1,+4 cutlass (holy)
rCold  . . .     Clarity  .     h - +1 plate armour
rNeg   . . .     Conserve .     (no shield)
rPois  .         rCorr    .     (no helmet)
rElec  .         rRot     .     p - +0 cloak
SustAb . .       Spirit   .     k - +0 pair of gloves
rMut   .         Warding  .     (no boots)
Saprov + + .     Stasis   .     (no amulet)
MR     .....                    j - ring of sustenance
                                (no ring)

@: exhausted, slowed, very slow, not resistant to hostile enchantments,
extremely unstealthy
A: disease resistance, carnivore 3, saprovore 2
a: Burn Spellbooks, Berserk, Trog's Hand, Brothers in Arms, Renounce Religion


You were on level 8 of the Dungeon.
You worshipped Trog.
Trog was extremely pleased with you.
You were not hungry.

You visited 1 branch of the dungeon, and saw 9 of its levels.
You also visited: Sewer.

You collected 330 gold pieces.
You spent 181 gold pieces at shops.

Inventory:

Hand weapons
 a - a +0,+0 short sword
 b - a +0,+1 short sword of venom
 d - a +0,+2 dagger of protection
 e - a +1,+4 cutlass of holy wrath (weapon)
Armour
 f - a +1 leather armour of cold resistance
 h - a +1 plate armour (worn)
 k - a +0 pair of gloves (worn)
 p - a +0 cloak (worn)
Magical devices
 n - a wand of slowing (9) {unknown}
Comestibles
 c - 2 meat rations
 l - a sausage
Scrolls
 s - a scroll of fear {unknown}
 t - 2 scrolls of remove curse
 v - 2 scrolls of teleportation
 w - 2 scrolls of identify
 x - 2 scrolls of fog
 z - a scroll of recharging
Jewellery
 j - a ring of sustenance (right hand)
Potions
 g - 2 potions of brilliance
 i - 5 potions of curing
 m - a potion of poison {unknown}
 o - 2 potions of heal wounds {unknown}
 q - a potion of resistance {unknown}
 r - a potion of berserk rage {unknown}
 u - 2 potions of flight


   Skills:
 - Level 3.2 Fighting
 - Level 15.1 Short Blades
 + Level 4.9 Armour
 - Level 2.4 Dodging


You had 9 spell levels left.
You didn't know any spells.

Dungeon Overview and Level Annotations

Branches:
Dungeon (9/15)             Temple (0/1) D:4
    Orc: D:9-12        Lair: D:8-11

Altars:
Cheibriados
Fedhas
Makhleb
Sif Muna
Zin
The Shining One

Shops:
D:4 :   D:5 *   D:7 =

Annotations:
D:8 Erolcha


Innate Abilities, Weirdness & Mutations

You recuperate from illness quickly.
You are small and have problems with some larger weapons.
You are carnivorous and can eat meat at any time.
You can eat rotten meat.


Message History

You kill the giant cockroach!
Trog accepts your kill.
Erolcha comes into view.
She is wielding a giant spiked club.
Erolcha shouts!
Erolcha casts a spell at you. The orb of energy hits you!
The orb of energy explodes!
Erolcha gestures wildly while chanting.
Erolcha flickers and vanishes!
Deactivating autopickup; reactivate with Ctrl-A.
Something hits you!
Use which ability? (? or * to list)
A red film seems to cover your vision as you go berserk!
You feel yourself moving faster!
You feel mighty! Something hits you!
You feel a strong urge to attack something.
Something hits you!
You feel your anger subside.
You are no longer berserk.
You are exhausted.
You feel yourself slow down. Something hits you!
You die...

###### # ###....#
### #.../..## #..
##.......## #..
#....#..(.### #..
#...###.....# ##..
#..@..##....##
#...
##....##.....#
#...
##....###...##
#...
#.....##....####..
###....##...##....
.....#....#....
##.. ##.......# .
#......##
###...##)


There were no monsters in sight!

Vanquished Creatures
  A deep elf mage (D:5)
  A hungry ghost (D:7)
  A hippogriff (D:7)
  Edmund (D:4)
  The ghost of Kenran the Insei, an average GrMo of Makhleb (D:4)
  2 ice beasts (D:8)
  Purgy (Sewer)
  2 orc warriors (D:6)
  A black bear (D:6)
  An ogre (D:6)
  A phantom (D:7)
  9 big kobolds (D:8)
  A giant frog (D:7)
  2 crimson imps
  4 orc priests
  5 hounds
  2 worker ants (D:6)
  2 orc wizards
  A sky beast zombie (D:7)
  12 gnolls
  7 adders
  A shadow imp (D:6)
  4 giant mites
  3 worms
  An inept item mimic (D:7)
  An adder skeleton (D:6)
  An adder zombie (D:6)
  7 giant geckos
  3 oozes
  30 orcs
  11 bats
  2 bat skeletons
  8 giant cockroaches
  15 goblins
  11 hobgoblins
  4 jackals (D:6)
  17 kobolds
  5 quokkas
  3 ball pythons
  8 giant newts
  A kobold skeleton (D:5)
  10 rats
  A toadstool (D:1)
205 creatures vanquished.

Vanquished Creatures (others)
  3 toadstools (D:1)
3 creatures vanquished.

Grand Total: 208 creatures vanquished

Notes
Turn   | Place    | Note
--------------------------------------------------------------
     0 | D:1      | Kenran, the Kobold Berserker, began the quest for the Orb.
     0 | D:1      | Reached XP level 1. HP: 14/14 MP: 1/1
   167 | D:1      | Reached skill level 5 in Short Blades
   167 | D:1      | Reached XP level 2. HP: 9/19 MP: 2/2
   406 | D:1      | Reached XP level 3. HP: 23/23 MP: 3/3
   794 | D:2      | Acquired Trog's second power
  1024 | D:2      | Reached skill level 6 in Short Blades
  1083 | D:2      | Found a blossoming altar of Fedhas.
  1112 | D:2      | Reached XP level 4. HP: 28/28 MP: 4/4
  1815 | D:3      | Reached skill level 7 in Short Blades
  1815 | D:3      | Reached XP level 5. HP: 13/32 MP: 5/5
  2018 | D:3      | Found a snail-covered altar of Cheibriados.
  2025 | D:3      | Reached skill level 8 in Short Blades
  2267 | D:3      | Reached XP level 6. HP: 37/37 MP: 6/6
  2639 | D:3      | Reached skill level 9 in Short Blades
  3015 | D:4      | Acquired Trog's third power
  3068 | D:4      | Found Gumakh's Book Shoppe.
  3186 | D:4      | Found a staircase to the Ecumenical Temple.
  3198 | D:4      | Reached XP level 7. HP: 41/41 MP: 7/7
  3228 | D:4      | Noticed Kenran's ghost (average GrMo)
  3242 | D:4      | Noticed Edmund
  3257 | D:4      | Killed Edmund
  3257 | D:4      | Reached skill level 10 in Short Blades
  3404 | D:4      | Killed Kenran's ghost
  3501 | D:4      | Reached skill level 11 in Short Blades
  3736 | D:5      | Entered Level 5 of the Dungeon
  3755 | D:5      | Found a burning altar of Makhleb.
  3838 | D:5      | Noticed a deep elf mage
  3854 | D:5      | Killed a deep elf mage
  3854 | D:5      | Reached XP level 8. HP: 16/46 MP: 8/8
  3981 | D:5      | Found Mozadiach's Assorted Antiques.
  3985 | D:5      | Bought a scroll of enchant weapon II for 181 gold pieces
  4297 | D:5      | Found a glowing drain.
  4302 | D:5      | Reached skill level 12 in Short Blades
  4334 | Sewer    | Entered a sewer
  4417 | Sewer    | Noticed Purgy
  4434 | Sewer    | Killed Purgy
  5182 | D:6      | Reached skill level 13 in Short Blades
  5219 | D:6      | Received a gift from Trog
  5510 | D:6      | Reached XP level 9. HP: 51/51 MP: 9/9
  5615 | D:6      | Found a deep blue altar of Sif Muna.
  5782 | D:6      | Reached skill level 14 in Short Blades
  6066 | D:7      | Found Imaum's Jewellery Shoppe.
  6232 | D:7      | Found a glowing silver altar of Zin.
  6560 | D:7      | Found a glowing golden altar of the Shining One.
  6573 | D:7      | Reached skill level 15 in Short Blades
  7084 | D:8      | Reached XP level 10. HP: 54/56 MP: 10/10
  7198 | D:8      | Noticed Erolcha
  7206 | D:8      | Slain by Erolcha

Action                   |  1- 3 |  4- 6 |  7- 9 | 10-12 || total
-------------------------+-------+-------+-------+-------++-------
Melee: Short sword       |   101 |   203 |   266 |       ||   570
       Dagger            |    12 |       |       |       ||    12
       Cutlass           |       |       |   206 |    25 ||   231
Invok: Berserk           |     1 |     3 |    11 |     1 ||    16
       Burn Spellbooks   |       |       |     1 |       ||     1
  Use: Scroll            |     6 |     3 |     8 |       ||    17
 Stab: Sleeping          |     2 |       |       |       ||     2
